 Dungeon Crawl Stone Soup version 0.23-a0-470-g6f7cfd9 (webtiles) character file.

76431 Firecrotchwizard the Fencer (level 15, 0/143 HPs)
             Began as a Minotaur Gladiator on Nov 26, 2018.
             Was the Champion of Makhleb.
             Slain by an ice dragon (4 damage)
             ... on level 15 of the Dungeon on Nov 27, 2018.
             The game lasted 00:55:29 (21133 turns).

Firecrotchwizard the Fencer (Minotaur Gladiator)   Turns: 21133, Time: 00:55:30

Health: 0/143      AC: 22    Str: 22    XL:     15   Next: 12%
Magic:  22/22      EV: 13    Int:  6    God:    Makhleb [******]
Gold:   1481       SH:  0    Dex: 17    Spells: 14/14 levels left

rFire    . . .     SeeInvis +   i - +2 great sword
rCold    + . .     Gourm    +   (shield currently unavailable)
rNeg     . . .     Faith    .   n - +0 plate armour
rPois    +         Spirit   .   T - +0 mask of the Dragon {MR+ Slay+3 SInv}
rElec    .         Reflect  .   t - +2 cloak
rCorr    .         Harm     .   a - +2 pair of gloves {Str+3}
MR       ++...                  (no boots)
Stlth    ..........             q - amulet of the gourmand {Gourm, !d}
HPRegen  0.33/turn              U - ring of protection from cold {rC+, !d}
MPRegen  0.18/turn              x - ring of poison resistance {rPois, !d}

@: no status effects
A: retaliatory headbutt, horns 2
a: Minor Destruction, Lesser Servant of Makhleb, Major Destruction, Greater
Servant of Makhleb, Renounce Religion


You were on level 15 of the Dungeon.
You worshipped Makhleb.
Makhleb was exalted by your worship.
You were very full.

You visited 3 branches of the dungeon, and saw 22 of its levels.

You collected 1481 gold pieces.

Inventory:

Hand Weapons
 i - a +2 great sword (weapon)
   (You took it off a wight on level 8 of the Dungeon)
 u - a +0 triple sword of holy wrath
   (You acquired it on level 12 of the Dungeon)
 w - a +4 scimitar
   (You took it off a wight on level 6 of the Dungeon)
 H - a +2 long sword of flaming
   (You took it off a kobold demonologist on level 10 of the Dungeon)
Missiles
 d - 3 throwing nets {=f, !d}
Armour
 a - a +2 pair of gloves of strength (worn)
   (You found it on level 9 of the Dungeon)
 n - a +0 plate armour (worn)
   (You found it on level 2 of the Dungeon)
 t - a +2 cloak (worn)
   (You found it on level 4 of the Dungeon)
 T - the +0 mask of the Dragon (worn) {MR+ Slay+3 SInv}
   (You found it on level 13 of the Dungeon)

   It affects your accuracy and damage with ranged weapons and melee attacks
   (+3).
   It affects your resistance to hostile enchantments.
   It lets you see invisible.
Jewellery
 o - a +2 ring of dexterity
   (You found it on level 2 of the Dungeon)
 q - an amulet of the gourmand (around neck) {Gourm, !d}
   (You found it on level 5 of the Lair of Beasts)
 x - a ring of poison resistance (right hand) {rPois, !d}
   (You found it on level 4 of the Dungeon)
 I - an uncursed amulet of magic regeneration
   (You found it on level 10 of the Dungeon)
 N - an uncursed ring of fire {rF+, rC-}
   (You found it on level 14 of the Dungeon)
 S - an uncursed ring of resist corrosion
   (You found it on level 15 of the Dungeon)
 U - a ring of protection from cold (left hand) {rC+, !d}
   (You found it on level 15 of the Dungeon)
Wands
 e - a wand of polymorph (1)
   (You took it off Maurice on level 9 of the Dungeon)
 B - a wand of iceblast (13)
   (You found it on level 5 of the Dungeon)
 E - a wand of acid (22)
   (You found it on level 5 of the Lair of Beasts)
 F - a wand of flame (60)
   (You found it on level 10 of the Dungeon)
Scrolls
 g - 2 scrolls of fog
 k - 10 scrolls of remove curse
 l - 8 scrolls of teleportation
 m - 5 scrolls of magic mapping {!r}
 r - a scroll of fear
 y - 6 scrolls of enchant weapon
 z - 9 scrolls of identify
 M - a scroll of blinking {!r}
 Q - a scroll of enchant armour
 R - a scroll of amnesia
Potions
 b - 4 potions of haste
 h - 6 potions of heal wounds
 j - 8 potions of curing
 p - a potion of cancellation
 s - 6 potions of lignification {!q}
 v - a potion of degeneration {unknown}
 A - 3 potions of berserk rage {!q}
 C - 3 potions of might
 D - a potion of flight
 G - 3 potions of mutation {!q}
 J - a potion of invisibility {unknown}
 K - a potion of agility {unknown}
 O - a potion of magic {unknown}
 P - 2 potions of brilliance {unknown}
Miscellaneous
 L - a sack of spiders
Comestibles
 c - 11 chunks of flesh {@w0}
 f - 40 rations


   Skills:
 + Level 15.7 Fighting
 - Level 17.7 Long Blades
 - Level 2.0 Throwing
 + Level 11.2 Armour
 - Level 11.4 Dodging
 * Level 11.5 Invocations


You had 14 spell levels left.
You didn't know any spells.
Your spell library contained the following spells:

 Spells                   Type           Power        Failure   Level  Hunger
 Flame Tongue             Conj/Fire      #....        99%         1    ##.....
 Sting                    Conj/Pois      #...         99%         1    ##.....
 Poisonous Vapours        Pois/Air       #.....       100%        2    ###....
 Throw Flame              Conj/Fire      #.....       100%        2    ###....
 Conjure Flame            Conj/Fire      #.......     100%        3    ####...
 Inner Flame              Hex/Fire       #.......     100%        3    ####...
 Mephitic Cloud           Conj/Pois/Air  #.......     100%        3    ####...
 Regeneration             Chrm/Necr      #.........   100%        3    ####...
 Static Discharge         Conj/Air       #.......     100%        3    ####...
 Olgreb's Toxic Radiance  Pois           #.......     100%        4    #####..
 Sticky Flame             Conj/Fire      #.......     100%        4    #####..
 Borgnjor's Vile Clutch   Necr/Erth      #.........   100%        5    ######.
 Fireball                 Conj/Fire      #.........   100%        5    ######.
 Lightning Bolt           Conj/Air       #.........   100%        5    ######.
 Venom Bolt               Conj/Pois      #.........   100%        5    ######.
 Death Channel            Necr           #.........   100%        6    #######
 Ignition                 Fire           #.........   100%        8    #######
 Shatter                  Erth           #.........   100%        9    #######
 Tornado                  Air            #.........   100%        9    #######


Dungeon Overview and Level Annotations

Branches:
Dungeon (15/15)            Temple (1/1) D:6            Lair (6/6) D:8
 Shoals (0/4) Lair:3       Spider (0/4) Lair:2        Slime (0/5) Lair:6
    Orc (0/2) D:11         Vaults (0/5) D:14
 Depths: D:15

Altars:
Cheibriados
Dithmenos
Elyvilon
Fedhas
Gozag
Hepliaklqana
Makhleb
Nemelex Xobeh
Okawaru
Qazlal
Sif Muna
Trog
Uskayaw
Vehumet
Wu Jian
Xom
Yredelemnul
Zin
The Shining One
Beogh

Shops:
D:9 *

Annotations:
D:5 3 runed doors, Nelgraf's ghost, novice GrEE; fooot's ghost, novice MiFi; hotbaconsauce's ghost, novice GrFi
D:7 1 transporter, 1 runed door, jalala's ghost, novice DgAE
D:12 8 runed doors
D:15 1 transporter, JimmyWheeler's ghost, journeyman KoAs
Lair:3 3 runed doors, DAS2's ghost, journeyman TrCK


Innate Abilities, Weirdness & Mutations

You reflexively headbutt those who attack you in melee.
You have a pair of horns on your head.


Message History

Your blizzard demon hits the two-headed ogre.
The two-headed ogre misses you. The two-headed ogre barely misses you.
You take 5 damage, and have 87/143 hp.
You hit the two-headed ogre but do no damage.
The ogre barely misses you.
You riposte.
You slice the ogre!! You headbutt the ogre.
You kill the ogre!
Makhleb accepts your kill.
You feel better.
Your blizzard demon hits the two-headed ogre! x2
The two-headed ogre hits your blizzard demon with a +0 giant club! x2
You regained 6 hp, and now have 93/143 hp.
You strike the helpless two-headed ogre from behind!
You slice the two-headed ogre!!
You kill the two-headed ogre!
Makhleb accepts your kill.
The two-headed ogre hits you but does no damage.
The two-headed ogre closely misses you.
You slash the two-headed ogre! You headbutt the two-headed ogre.
The two-headed ogre closely misses you. You furiously retaliate!
You headbutt the two-headed ogre.
You riposte.
You closely miss the two-headed ogre.
The two-headed ogre hits you with a +0 giant club!
You take 9 damage, and have 84/143 hp.
You slice the two-headed ogre!!
You headbutt the two-headed ogre, but do no damage.
Your blizzard demon hits the two-headed ogre!!
The two-headed ogre dies!
Makhleb accepts your kill.
Items here: )))) † a +0 giant club x4; a two-headed ogre corpse You butcher the two-headed ogre corpse.
c - 8 chunks of flesh {@w0} (gained 1)
Items here: )))) ÷ a +0 giant club x4; a two-headed ogre skeleton
Items here: ))) †† a +0 giant spiked club x3; an ogre corpse; a two-headed ogre corpse You butcher the ogre corpse.
c - 11 chunks of flesh {@w0} (gained 3)
Items here: ))) ÷ † a +0 giant spiked club x3; an ogre skeleton; a two-headed ogre corpse You swap places.
Items here: )))) † a +0 giant club x2; a +0 dire flail; a +0 giant spiked club a two-headed ogre corpse You see here a vampire mosquito corpse.
The vampire mosquito corpse isn't edible.
A fire dragon comes into view.
The fire dragon roars deafeningly!
An ice dragon comes into view.
The ice dragon roars deafeningly!
You barely miss the fire dragon. Your headbutt misses the fire dragon.
The fire dragon breathes flames at you. The blast of flame hits you!
The blast of flame hits your blizzard demon.
Your blizzard demon is burned terribly!
You take 46 damage, and have 44/143 hp.
MASSIVE DAMAGE!!
You slice the fire dragon!!
The fire dragon bites you but does no damage.
The fire dragon barely misses you. The fire dragon tramples you.
You hold your ground!
You take 1 damage, and have 43/143 hp.
You slice the fire dragon!! The ice dragon bites you.
* * * LOW HITPOINT WARNING * * *
The ice dragon claws you.
* * * LOW HITPOINT WARNING * * *
The ice dragon tramples you but does no damage.
You take 7 damage, and have 36/143 hp.
You chop the fire dragon into pieces!!! The fire dragon bites you.
* * * LOW HITPOINT WARNING * * *
The fire dragon claws you but does no damage.
The fire dragon tramples you but does no damage.
The ice dragon closely misses you. The ice dragon barely misses you. x2
You take 5 damage, and have 31/143 hp.
You hit the fire dragon. The fire dragon barely misses you.
You furiously retaliate!
You headbutt the fire dragon.
You riposte.
You slash the fire dragon!
You kill the fire dragon!
Makhleb accepts your kill.
The fire dragon scales are intact enough to wear.
The ice dragon breathes frost at you. The blast of cold hits you! You resist.
* * * LOW HITPOINT WARNING * * *
You take 18 damage, and have 13/143 hp.
You slash the ice dragon!
You headbutt the ice dragon, but do no damage.
You hit the ice dragon.
The ice dragon bites you but does no damage.
The ice dragon claws you but does no damage.
The ice dragon barely misses you.
You barely miss the ice dragon. The ice dragon bites you!
* * * LOW HITPOINT WARNING * * *
The ice dragon claws you but does no damage.
The ice dragon tramples you but does no damage.
You take 9 damage, and have 4/143 hp.
You slice the ice dragon!! The ice dragon barely misses you.
You riposte.
You slice the ice dragon!! The ice dragon completely misses you.
The ice dragon tramples you.
You die...

...#......#........##.
##.. #.##
####..........##......
#.# #....)....#.#
#.....
#.#..))...#?###....
#.##.))†........... ..
##..#......########
### #..##..8.###.$$$$#
#...##...##D......
.....##..2@[#
.......#####.......
......... #.$$$$#
#.......... ######
####.#####.O


You could see an ice dragon and a friendly blizzard demon.

Vanquished Creatures
  A fire dragon (D:15)
  2 vault guards (D:14)
  8 hydras
  3 centaur warriors
  3 catoblepae (Lair:6)
  7 two-headed ogres
  An ogre mage (D:15)
  11 death yaks
  A wizard (D:15)
  Pikel (D:6)
  A harpy (shapeshifter) (D:15)
  2 deep elf magi
  4 manticores
  3 cyclopes
  3 ugly things (D:15)
  6 elephants
  Maurice (D:9)
  4 centaur zombies
  A black mamba (Lair:3)
  2 rime drakes
  2 demonic crawlers (D:15)
  7 spiny frogs
  An efreet (D:13)
  6 komodo dragons
  3 kobold demonologists
  3 trolls
  A merfolk (Lair:3)
  A queen bee (shapeshifter) (D:10)
  4 jumping spiders (Lair:2)
  Grinder (D:6)
  3 hornets
  12 blink frogs
  A slime creature (Lair:6)
  13 hippogriffs
  5 redbacks (Lair:2)
  A shadow (D:15)
  48 yaks
  3 wyverns
  9 humans (D:14)
  3 wraiths
  Eustachio (D:5)
  8 basilisks
  4 hungry ghosts
  11 vampire mosquitoes
  4 soldier ants
  3 wargs (D:8)
  10 water moccasins
  2 acid dragons
  13 orc warriors
  5 porcupines
  3 sky beasts
  3 phantoms
  7 ice beasts
  2 eyes of draining
  15 ogres
  2 slaves
  12 centaurs
  17 crocodiles
  2 big kobolds
  2 gnoll sergeants (D:5)
  16 bullfrogs
  A wyvern skeleton (D:10)
  A water moccasin skeleton (D:12)
  6 scorpions
  20 killer bees
  14 wights
  2 electric eels
  4 howler monkeys
  2 bullfrog zombies
  10 crimson imps
  9 hounds
  A quasit (D:11)
  6 jellies
  5 bullfrog skeletons
  18 orc priests
  10 orc wizards
  6 centaur skeletons
  9 worker ants
  An iguana (D:10)
  2 killer bee zombies
  A hound skeleton (D:6)
  3 worker ant zombies
  7 gnolls
  12 adders
  4 shadow imps
  2 oozes
  2 adder skeletons
  2 adder zombies (D:7)
  A worm (D:3)
  2 dart slugs
  6 leopard geckos
  69 orcs
  14 bats
  4 giant cockroaches
  4 goblins
  3 hobgoblins
  11 jackals
  2 quokkas
  2 ball pythons
  4 frilled lizards
  A jackal skeleton (D:5)
  13 kobolds
  A leopard gecko skeleton (D:4)
  A leopard gecko zombie (D:7)
  A quokka skeleton (D:5)
  A quokka zombie (D:5)
  7 rats
641 creatures vanquished.

Vanquished Creatures (collateral kills)
  The ghost of Jesse2 the Unseen, a journeyman OpAs of Dithmenos (Lair:5)
  3 two-headed ogres (D:15)
4 creatures vanquished.

Vanquished Creatures (others)
  A human (D:14)
  A bush (Lair:5)
  4 fungi
  7 plants
  3 withered plants (D:5)
16 creatures vanquished.

Grand Total: 661 creatures vanquished

Notes
Turn   | Place    | Note
-------+----------+-------------------------------------------
     0 | D:1      | Firecrotchwizard the Minotaur Gladiator began the quest for
                  | the Orb.
     0 | D:1      | Reached XP level 1. HP: 18/18 MP: 0/0
   149 | D:1      | Reached skill level 4 in Long Blades
   149 | D:1      | Reached XP level 2. HP: 25/25 MP: 1/1
   741 | D:2      | Reached skill level 3 in Fighting
   741 | D:2      | Reached XP level 3. HP: 23/31 MP: 2/2
  1208 | D:2      | Reached XP level 4. HP: 35/38 MP: 3/3
  1402 | D:2      | Reached skill level 5 in Long Blades
  1632 | D:3      | Reached skill level 4 in Dodging
  2053 | D:3      | Reached XP level 5. HP: 46/46 MP: 4/4
  2296 | D:4      | Reached skill level 4 in Fighting
  2307 | D:4      | Reached skill level 6 in Long Blades
  2524 | D:4      | Noticed an ogre
  2546 | D:4      | Killed an ogre
  2546 | D:4      | Reached XP level 6. HP: 39/53 MP: 5/5
  2826 | D:4      | Reached skill level 7 in Long Blades
  2826 | D:4      | Reached skill level 5 in Dodging
  3131 | D:5      | Entered Level 5 of the Dungeon
  3167 | D:5      | Noticed an orc warrior
  3171 | D:5      | Noticed an orc warrior
  3271 | D:5      | Reached XP level 7. HP: 42/60 MP: 6/6
  3281 | D:5      | Reached skill level 5 in Fighting
  3553 | D:5      | Reached skill level 8 in Long Blades
  3730 | D:5      | Found a deep blue altar of Sif Muna.
  4107 | D:5      | Reached skill level 6 in Dodging
  4118 | D:5      | Reached skill level 6 in Fighting
  4118 | D:5      | Reached XP level 8. HP: 24/70 MP: 7/7
  4368 | D:5      | Reached skill level 9 in Long Blades
  4391 | D:5      | Found a runed gate.
  4391 | D:5      | Found a runed gate.
  4392 | D:5      | Found a runed gate.
  4393 | D:5      | Noticed hotbaconsauce's ghost (novice GrFi)
  4394 | D:5      | Noticed Nelgraf's ghost (novice GrEE)
  4394 | D:5      | Noticed fooot's ghost (novice MiFi)
  4837 | D:5      | Noticed Eustachio
  4864 | D:5      | HP: 24/106 [orc warrior/+0 great sword (10)]
  5621 | D:5      | Reached skill level 10 in Long Blades
  5820 | D:5      | Reached skill level 7 in Fighting
  5972 | D:5      | Killed Eustachio
  5972 | D:5      | Reached skill level 7 in Dodging
  6272 | D:6      | Reached XP level 9. HP: 54/79 MP: 8/8
  6273 | D:6      | Noticed Grinder
  6289 | D:6      | Killed Grinder
  6398 | D:6      | Reached skill level 11 in Long Blades
  6659 | D:6      | Reached skill level 8 in Fighting
  6938 | D:6      | Reached skill level 8 in Dodging
  7119 | D:6      | Found a staircase to the Ecumenical Temple.
  7126 | Temple   | Entered the Ecumenical Temple
  7309 | Temple   | Became a worshipper of Makhleb the Destroyer
  7358 | D:6      | Noticed Pikel
  7823 | D:6      | Killed Pikel
  7823 | D:6      | Reached skill level 12 in Long Blades
  8072 | D:7      | Found a transporter.
  8091 | D:7      | Reached skill level 9 in Fighting
  8091 | D:7      | Reached XP level 10. HP: 91/91 MP: 9/9
  8437 | D:7      | Reached * piety under Makhleb
  8537 | D:7      | Found a runed door.
  8537 | D:7      | Found a shimmering altar of Xom.
  8537 | D:7      | Noticed a +0 spear of chaos
  8541 | D:7      | Noticed jalala's ghost (novice DgAE)
  8744 | D:8      | Reached skill level 9 in Dodging
  8879 | D:8      | Reached skill level 13 in Long Blades
  9388 | D:8      | Reached ** piety under Makhleb
  9405 | D:8      | Found a staircase to the Lair.
  9802 | D:9      | Reached skill level 10 in Fighting
  9832 | D:9      | Noticed Maurice
  9897 | D:9      | Killed Maurice
 10249 | D:9      | Reached skill level 14 in Long Blades
 10329 | D:9      | Found Vaufimiq's Lightly-Used Armoury.
 10383 | D:10     | Entered Level 10 of the Dungeon
 10506 | D:10     | Reached XP level 11. HP: 101/101 MP: 10/10
 10518 | D:10     | Reached *** piety under Makhleb
 10554 | D:10     | Reached skill level 10 in Dodging
 10789 | D:10     | Noticed a two-headed ogre
 10798 | D:10     | Killed a two-headed ogre
 10841 | D:10     | Noticed a centaur warrior
 10859 | D:10     | Killed a centaur warrior
 10859 | D:10     | Reached skill level 11 in Fighting
 10872 | D:10     | Reached skill level 15 in Long Blades
 11080 | D:10     | Noticed a sun demon
 11551 | Lair:1   | Entered Level 1 of the Lair of Beasts
 11603 | Lair:1   | Noticed a six-headed hydra
 11614 | Lair:1   | Killed a one-headed hydra
 11677 | Lair:1   | Reached **** piety under Makhleb
 11888 | Lair:1   | Reached skill level 11 in Dodging
 12340 | Lair:2   | Reached XP level 12. HP: 112/112 MP: 11/11
 12346 | Lair:2   | Reached skill level 16 in Long Blades
 12511 | Lair:2   | Found a hole to the Spider Nest.
 12555 | Lair:2   | Reached skill level 12 in Fighting
 12685 | Lair:2   | Noticed an eight-headed hydra
 12691 | Lair:2   | Killed a five-headed hydra
 12691 | Lair:2   | Reached skill level 1 in Armour
 12971 | Lair:3   | Reached skill level 2 in Armour
 13004 | Lair:3   | Found a runed gate.
 13004 | Lair:3   | Noticed a minotaur
 13005 | Lair:3   | Found a runed gate.
 13005 | Lair:3   | Found a runed gate.
 13005 | Lair:3   | Noticed DAS2's ghost (journeyman TrCK)
 13107 | Lair:3   | Found a staircase to the Shoals.
 13268 | Lair:3   | Reached ***** piety under Makhleb
 13268 | Lair:3   | Reached skill level 3 in Armour
 13369 | Lair:3   | Identified the +9 bardiche of Gluttony {chop, rElec}
 13574 | Lair:4   | Reached skill level 17 in Long Blades
 13722 | Lair:4   | Noticed a five-headed hydra
 13733 | Lair:4   | Killed a one-headed hydra
 13733 | Lair:4   | Reached skill level 4 in Armour
 13923 | Lair:4   | Noticed an eight-headed hydra
 13931 | Lair:4   | Killed a seven-headed hydra
 14010 | Lair:4   | Reached skill level 5 in Armour
 14031 | Lair:4   | Reached skill level 13 in Fighting
 14558 | Lair:4   | Noticed a four-headed hydra
 14566 | Lair:4   | Killed a one-headed hydra
 14583 | Lair:5   | Reached XP level 13. HP: 94/122 MP: 12/12
 14722 | Lair:5   | Reached skill level 1 in Invocations
 14739 | Lair:5   | Reached skill level 2 in Invocations
 14751 | Lair:5   | Found a runed door.
 14781 | Lair:5   | Reached skill level 6 in Armour
 14803 | Lair:4   | Reached skill level 3 in Invocations
 14900 | Lair:4   | Reached skill level 4 in Invocations
 15255 | Lair:5   | Noticed Jesse2's ghost (journeyman OpAs)
 15308 | Lair:5   | Killed Jesse2's ghost
 15308 | Lair:5   | Reached skill level 7 in Armour
 15318 | Lair:5   | Got a steaming quarterstaff
 15402 | Lair:5   | Reached skill level 5 in Invocations
 15459 | Lair:5   | Identified the Disquisition on Blistering Unholy Magic
 15792 | Lair:6   | Entered Level 6 of the Lair of Beasts
 15898 | Lair:6   | Found a staircase to the Slime Pits.
 15972 | Lair:6   | Reached skill level 6 in Invocations
 16261 | Lair:6   | Reached skill level 14 in Fighting
 16268 | Lair:6   | Upgraded the game from 0.23-a0-458-g93a6ea9 to
                  | 0.23-a0-470-g6f7cfd9
 16283 | Lair:6   | Reached skill level 8 in Armour
 16344 | Lair:5   | Reached skill level 7 in Invocations
 16677 | Lair:6   | Reached XP level 14. HP: 132/133 MP: 18/18
 16761 | Lair:6   | Reached skill level 8 in Invocations
 17251 | D:11     | Found a staircase to the Orcish Mines.
 17415 | D:11     | Reached ****** piety under Makhleb
 17516 | D:11     | Reached skill level 9 in Armour
 17865 | D:12     | Reached skill level 9 in Invocations
 17937 | D:12     | Found a large runed door.
 17941 | D:12     | Found a large runed door.
 17941 | D:12     | Noticed a storm dragon
 17942 | D:12     | Found a large runed door.
 18067 | D:12     | Identified a scroll of acquirement
 18278 | D:12     | Found a large runed door.
 18282 | D:12     | Found a large runed door.
 18286 | D:12     | Found a large runed door.
 18533 | D:12     | Found a large runed door.
 18565 | D:12     | Found a large runed door.
 18654 | D:13     | Reached skill level 15 in Fighting
 18750 | D:13     | Reached skill level 10 in Armour
 19098 | D:13     | Reached skill level 10 in Invocations
 19259 | D:13     | Found the +0 mask of the Dragon {MR+ Slay+3 SInv}
 19351 | D:14     | Found a roughly hewn altar of Beogh.
 19563 | D:14     | Found a gate to the Vaults.
 20830 | D:15     | Entered Level 15 of the Dungeon
 20891 | D:15     | Reached skill level 11 in Invocations
 21001 | D:15     | Noticed JimmyWheeler's ghost (journeyman KoAs)
 21055 | D:15     | Found a transporter.
 21068 | D:15     | Reached XP level 15. HP: 141/141 MP: 22/22
 21070 | D:15     | Found the +0 sword of Power
 21096 | D:15     | Reached skill level 11 in Armour
 21128 | D:15     | HP: 31/143 [fire dragon (6)]
 21129 | D:15     | HP: 13/143 [ice dragon/blast of cold (18)]
 21132 | D:15     | HP: 4/143 [ice dragon (10)]
 21133 | D:15     | Slain by an ice dragon

Vault maps used:
D:1:      dpeg_arrival_orchard, minmay_tetromino_s2
D:3:      minmay_evil_eye, first_ration
D:5:      minmay_thinvault, led_sif_pool, gammafunk_ghost_cemetery,
          minmay_misc_feat_chi, minmay_misc_feat_roman, sword_in_stone
D:6:      temple_green, uniq_pikel, uniq_eustachio, uniq_grinder
D:7:      gammafunk_beogh_shrine, ebering_ghost_xom, serial_corexii_hall,
          chequers_hall_statues_corner_a, chequers_hall_statues_y,
          corexii_hall_statues_s
D:8:      erik_lair_orcish_takeover
D:9:      hangedman_pestilent_swarm, minmay_shop_damaged, uniq_maurice
D:10:     minmay_tri_box
D:11:     orc_0_dummy, serial_column_ruins, column_ruins_hut_pillars,
          column_ruins_open_large, column_ruins_columns_dead_end,
          column_ruins_corridor_straight, column_ruins_corridor_T
D:12:     minmay_five_octagons, minivault_24
D:14:     ximxim_vaults_locker_room, special_room,
          chequers_serial_rivers_small_a, grunt_decor_one_mirror
D:15:     grunt_enter_depths_hoard, gammafunk_ghost_stat_death,
          chequers_serial_rivers_micro_e, spider_trap,
          einodemon_crawler_minivault
Temple:   roderic_octagonal_lattice_temple
Lair:2:   nicolae_spider_entry_tight_spaces, minmay_stone_trees_medium,
          beast_lair_carwin_8, grunt_megastairs_3
Lair:3:   elwin_shoals_entry_rooms, maelrawn_ghost_labyrinth_escape,
          infiniplex_staircase_pool
Lair:4:   grunt_megastairs_4
Lair:5:   ebering_ghost_reflecting_pool
Lair:6:   evilmike_catoblepas_cave, minmay_slime_entry_pillars,
          lemuel_fruit_tree, lemuel_fruit_fields

Skill      XL: |  1  2  3  4  5  6  7  8  9 10 11 12 13 14 15 |
---------------+----------------------------------------------+-----
Long Blades    | 4 5 6 7 8 10 12 14 15 17 | 17.7
Fighting       | 3 4 6 7 9 10 11 13 14 15 | 15.7
Dodging        | 4 5 6 7 8 9 11 | 11.4
Armour         | 5 8 10 11 | 11.2
Invocations    | 7 11 | 11.5
Throwing       | |  2.0

Action                   |  1- 3 |  4- 6 |  7- 9 | 10-12 | 13-15 || total
-------------------------+-------+-------+-------+-------+-------++-------
Melee: Long sword        |    45 |   114 |   236 |   100 |    47 ||   542
       Headbutt          |    13 |    29 |    77 |   177 |   282 ||   578
       Scimitar          |       |       |    77 |   294 |       ||   371
       Unarmed           |       |       |       |    24 |       ||    24
       Great sword       |       |       |       |   203 |   656 ||   859
       Triple sword      |       |       |       |       |    49 ||    49
Throw: Throwing net      |       |     2 |       |       |       ||     2
Invok: Lesser Servant of |       |       |       |       |     3 ||     3
       Minor Destruction |       |       |       |       |     5 ||     5
       Major Destruction |       |       |       |       |     1 ||     1
       Greater Servant o |       |       |       |       |     1 ||     1
Evoke: Wand              |       |       |     2 |     5 |       ||     7
       Sack of spiders   |       |       |       |       |     1 ||     1
  Use: Scroll            |       |       |    11 |    15 |     5 ||    31
       Potion            |       |       |     1 |     1 |       ||     2
 Stab: Sleeping          |     1 |       |       |       |       ||     1
       Distracted        |       |       |       |       |     2 ||     2
  Eat: Chunk             |     1 |     6 |     9 |    24 |    31 ||    71
       Ration            |       |       |     2 |       |     1 ||     3
Armor: Leather armour    |    12 |       |       |       |       ||    12
       Scale mail        |     5 |       |       |       |       ||     5
       Chain mail        |       |    50 |   125 |    56 |       ||   231
       Plate armour      |       |       |       |   196 |   369 ||   565
Dodge: Dodged            |    19 |    59 |   116 |   292 |   463 ||   949
       Rpst.: Long sword |     2 |    24 |    18 |    12 |     6 ||    62
       Scimitar          |       |       |     9 |    47 |       ||    56
       Great sword       |       |       |       |    26 |    94 ||   120
       Triple sword      |       |       |       |       |     7 ||     7

Table legend:
 A = Non-vault XP
 B = Vault XP
 C = Vault XP percentage of total XP
 D = Non-vault monster count
 E = Vault monster count
 F = Vault count percentage of total count
                 A         B        C        D         E       F
            +---------+---------+-------+---------+---------+-------
      Total |   71975 |   37213 |  34.1 |     486 |     157 |  24.4
            +---------+---------+-------+---------+---------+-------
        D:1 |      13 |       9 |  40.9 |      10 |       2 |  16.7
        D:2 |      78 |       0 |   0.0 |      16 |       0 |   0.0
        D:3 |     105 |      23 |  18.0 |      26 |       6 |  18.8
        D:4 |     394 |       0 |   0.0 |      17 |       0 |   0.0
        D:5 |     679 |    1287 |  65.5 |      27 |      17 |  38.6
        D:6 |    1798 |     932 |  34.1 |      29 |       2 |   6.5
        D:7 |     861 |       0 |   0.0 |      17 |       0 |   0.0
        D:8 |    1939 |     661 |  25.4 |      32 |       9 |  22.0
        D:9 |     335 |    1136 |  77.2 |      14 |       5 |  26.3
       D:10 |    3861 |    3074 |  44.3 |      50 |       5 |   9.1
       D:11 |    3688 |       0 |   0.0 |      41 |       0 |   0.0
       D:12 |    5843 |    5057 |  46.4 |      38 |      17 |  30.9
       D:13 |    5153 |       0 |   0.0 |      26 |       0 |   0.0
       D:14 |    4605 |    4600 |  50.0 |      16 |      35 |  68.6
       D:15 |   11523 |    2521 |  18.0 |      29 |       7 |  19.4
     Lair:1 |    2821 |       0 |   0.0 |      11 |       0 |   0.0
     Lair:2 |    1675 |    4401 |  72.4 |       5 |      21 |  80.8
     Lair:3 |    3566 |     305 |   7.9 |      19 |       1 |   5.0
     Lair:4 |   12587 |     448 |   3.4 |      29 |       2 |   6.5
     Lair:5 |    6744 |    3092 |  31.4 |      18 |       3 |  14.3
     Lair:6 |    3707 |    9667 |  72.3 |      16 |      25 |  61.0
            +---------+---------+-------+---------+---------+-------

Vault maps used:
D:1:      dpeg_arrival_orchard, minmay_tetromino_s2
D:3:      minmay_evil_eye, first_ration
D:5:      minmay_thinvault, led_sif_pool, gammafunk_ghost_cemetery,
          minmay_misc_feat_chi, minmay_misc_feat_roman, sword_in_stone
D:6:      temple_green, uniq_pikel, uniq_eustachio, uniq_grinder
D:7:      gammafunk_beogh_shrine, ebering_ghost_xom, serial_corexii_hall,
          chequers_hall_statues_corner_a, chequers_hall_statues_y,
          corexii_hall_statues_s
D:8:      erik_lair_orcish_takeover
D:9:      hangedman_pestilent_swarm, minmay_shop_damaged, uniq_maurice
D:10:     minmay_tri_box
D:11:     orc_0_dummy, serial_column_ruins, column_ruins_hut_pillars,
          column_ruins_open_large, column_ruins_columns_dead_end,
          column_ruins_corridor_straight, column_ruins_corridor_T
D:12:     minmay_five_octagons, minivault_24
D:14:     ximxim_vaults_locker_room, special_room,
          chequers_serial_rivers_small_a, grunt_decor_one_mirror
D:15:     grunt_enter_depths_hoard, gammafunk_ghost_stat_death,
          chequers_serial_rivers_micro_e, spider_trap,
          einodemon_crawler_minivault
Temple:   roderic_octagonal_lattice_temple
Lair:2:   nicolae_spider_entry_tight_spaces, minmay_stone_trees_medium,
          beast_lair_carwin_8, grunt_megastairs_3
Lair:3:   elwin_shoals_entry_rooms, maelrawn_ghost_labyrinth_escape,
          infiniplex_staircase_pool
Lair:4:   grunt_megastairs_4
Lair:5:   ebering_ghost_reflecting_pool
Lair:6:   evilmike_catoblepas_cave, minmay_slime_entry_pillars,
          lemuel_fruit_tree, lemuel_fruit_fields

Table legend:
 A = Turns spent in this place as a percentage of turns spent in the entire game.
 B = Non-inter-level travel turns spent in this place as a percentage of non-inter-level travel turns spent in the entire game.
 C = Inter-level travel turns spent in this place as a percentage of turns spent in this place.
 D = Turns resting spent in this place as a percentage of non-inter-level travel turns spent in this place.
 E = Turns spent auto-exploring this place as a percentage of non-inter-level travel turns spent in this place.
 F = Non-inter-level travel turns spent in this place divided by the number of levels of this place that you've seen.
                   A       B       C       D       E      F
               +-------+-------+-------+-------+-------+----------------------
         Total | 100.0 | 100.0 |   5.7 |  22.3 |  56.4 | 905.7
       Dungeon |  72.4 |  72.0 |   6.2 |  24.9 |  54.1 | 956.7
        Temple |   1.0 |   0.9 |  10.2 |   0.0 |  96.2 | 184.0
          Lair |  26.6 |  27.1 |   4.2 |  16.1 |  61.1 | 898.5
               +-------+-------+-------+-------+-------+----------------------

Table legend:
 A = Kills in this place as a percentage of kills in entire the game.
 B = Kills by you in this place as a percentage of kills by you in the entire game.
 C = Kills by friends in this place as a percentage of kills by friends in the entire game.
 D = Other kills in this place as a percentage of other kills in the entire game.
 E = Experience gained in this place as a percentage of experience gained in the entire game.
 F = Experience gained in this place divided by the number of levels of this place that you have seen.
                   A       B       C       D       E      F
               +-------+-------+-------+-------+-------+----------------------
         Total | 100.0 | 100.0 | 100.0 |   N/A | 100.0 | 4963.1
       Dungeon |  76.7 |  76.7 |  75.0 |   N/A |  55.1 | 4011.7
          Lair |  23.3 |  23.3 |  25.0 |   N/A |  44.9 | 8168.8
               +-------+-------+-------+-------+-------+----------------------
